 Dungeon Crawl Stone Soup version 0.23.2-1-ga50397a (webtiles) character file.

Game seed: 4501717955087792506

10988 xveg the Spear-Bearer (level 12, -1/81 HPs)
             Began as a Halfling Hunter on May 9, 2019.
             Was an Initiate of Gozag.
             Killed by divine providence
             ... invoked by an orc priest
              (9 damage)
             ... on level 11 of the Dungeon.
             The game lasted 00:35:38 (9468 turns).

xveg the Spear-Bearer (Halfling Hunter)             Turns: 9468, Time: 00:35:39

Health: -1/81      AC: 19    Str: 21    XL:     12   Next: 2%
Magic:  12/12      EV: 18    Int:  9    God:    Gozag
Gold:   917        SH:  0    Dex: 20    Spells: 7/11 levels left

rFire    . . .     SeeInvis +   a - +8 trident "Luc Furi" {drain, +Blink Str+4 Dex+2}
rCold    . . .     Gourm    .   (shield currently unavailable)
rNeg     . . .     Faith    .   D - +2 swamp dragon scales
rPois    +         Spirit   .   y - +0 helmet
rElec    .         Reflect  .   w - +2 cloak
rCorr    .         Harm     +   I - +0 pair of gloves
MR       .....                  x - +0 pair of boots {Fly}
Stlth    +.........             H - amulet of harm
HPRegen  0.23/turn              i - +2 ring of dexterity
MPRegen  0.13/turn              A - ring of see invisible

@: flying
A: small, mutation resistance 1
a: Potion Petition, Call Merchant, Bribe Branch, Renounce Religion, Evoke Blink,
Stop Flying


You were on level 11 of the Dungeon.
You worshipped Gozag.
Gozag was pleased with you.
You were near starving.

You visited 1 branch of the dungeon, and saw 10 of its levels.
You also visited: Sewer.

You collected 1928 gold pieces.
You spent 966 gold pieces at shops.
You paid 45 gold pieces to Gozag.

Inventory:

Hand Weapons
 a - the +8 trident "Luc Furi" (weapon) {drain, +Blink Str+4 Dex+2}
   (You found it in a sewer)

   A truly terrible weapon, it drains the life of those it strikes.
   It affects your strength (+4).
   It affects your dexterity (+2).
   It lets you blink.
 b - a +2 hunting sling
 u - a +0 blowgun
 v - a +0 short sword
 K - the +8 storm bow {elec}
   (You found it on level 8 of the Dungeon)

   It charges the ammunition it shoots with electricity; occasionally upon a
   hit, such missiles may discharge and cause terrible harm.
Missiles
 j - 124 stones (quivered)
 t - 8 poisoned needles
Armour
 c - a +0 leather armour
 n - a +2 ring mail of poison resistance
 w - a +2 cloak (worn)
 x - a +0 pair of boots of flying (worn)
 y - a +0 helmet (worn)
 z - a cursed +0 shield
 D - +2 swamp dragon scales (worn)
 I - a +0 pair of gloves (worn)
Magical Staves
 J - an uncursed staff of power
Jewellery
 i - a +2 ring of dexterity (left hand)
 A - a ring of see invisible (right hand)
 H - an amulet of harm (around neck)
 M - an uncursed ring of positive energy
Wands
 B - a wand of enslavement (5)
 N - a wand of flame (14)
Scrolls
 e - a scroll of identify
 g - 2 scrolls of fog
 h - 9 scrolls of remove curse
 l - 2 scrolls of fear
 C - 2 scrolls of magic mapping
 E - a scroll of amnesia
 G - 3 scrolls of teleportation
Potions
 d - 2 potions of might
 k - 3 potions of agility
 m - 8 potions of heal wounds
 o - a potion of haste
 p - 6 potions of flight
 q - 5 potions of brilliance
 r - 2 potions of invisibility
 s - 2 potions of curing
 L - a potion of berserk rage
Comestibles
 f - 6 rations


   Skills:
 + Level 7.0 Fighting
 + Level 0.9 Short Blades
 * Level 11.1 Polearms
 - Level 10.8(10.9) Slings
 + Level 0.9(4.8) Throwing
 * Level 8.3 Armour
 + Level 5.6 Dodging
 - Level 1.4 Stealth


You had 7 spell levels left.
You knew the following spells:

 Your Spells              Type           Power        Failure   Level  Hunger
a - Infusion              Chrm           #...         52%         1    ##.....
b - Regeneration          Chrm/Necr      #.........   88%         3    ####...

Your spell library contained the following spells:

 Spells                   Type           Power        Failure   Level  Hunger
 Confusing Touch          Hex            #.....       52%         1    ##.....
 Corona                   Hex            #......      52%         1    ##.....
 Ensorcelled Hibernation  Hex/Ice        #.....       67%         2    ###....
 Shroud of Golubria       Chrm/Tloc      #.........   67%         2    ###....
 Song of Slaying          Chrm           #.......     67%         2    ###....
 Confuse                  Hex            #.......     88%         3    ####...
 Dazzling Spray           Conj/Hex       #.....       88%         3    ####...
 Gell's Gravitas          Tloc           #.........   88%         3    ####...
 Spectral Weapon          Hex/Chrm       #.......     88%         3    ####...
 Tukima's Dance           Hex            #.......     88%         3    ####...
 Petrify                  Tmut/Erth      #.......     99%         4    #####..
 Metabolic Englaciation   Hex/Ice        #.........   100%        5    ######.
 Yara's Violent Unravell  Hex/Tmut       #.........   100%        5    ######.


Dungeon Overview and Level Annotations

Branches:
Dungeon (9/15)             Temple (0/1) D:5
   Lair: D:8-11         Orc: D:9-12

Altars:
Dithmenos
Elyvilon
Gozag
Kikubaaqudgha
Okawaru
Qazlal
Ru
Sif Muna
Trog

Shops:
D:7 [[*   D:9 ?   D:11 [

Annotations:
D:9 Erolcha


Innate Abilities, Weirdness & Mutations

You are small and have problems with some larger weapons.
You are somewhat resistant to further mutation.


Message History

An orc warrior comes into view. It is wielding a +0 scimitar.
The killer bee buzzes angrily.
Things that are here:
41 gold pieces; a +0 mace x2
An orc priest comes into view.
The orc priest shouts!
An orc wizard comes into view. It is wielding a +0 dagger.
An orc priest comes into view.
The orc priest mumbles some strange prayers to Beogh against you.
Beogh smites you!
* * * LOW HITPOINT WARNING * * *
You feel better. The orc wizard casts a spell at you.
The magic dart hits you but does no damage.
The killer bee misses you.
The killer bee stings you but does no damage.
The orc priest calls down the wrath of Beogh upon you.
Beogh smites you!
You die...
Your body crumbles into a pile of gold.

..................#
####...#########.#######
####......##..)........##
#.............##.#####...
#.............(........##
##.⌠.[.........#........[.
##..............#...####.##
#.##.⌠...⌠.....<...#####
#............@>....# #
###....<....yy.....# #.##
#>...............########...
#..⌠...o...............#####
#.#.....##..#.########..###.
#.#.oo.###o$#.# ##.##.. #
#.#.## #$$#.# #.#..#
...oo...$$.#.# #...##
...o.........# #..###


You could see an orc warrior, 2 killer bees, 2 orc priests, 2 orc wizards and an
orc.

Vanquished Creatures
  2 two-headed ogres
  The ghost of xveg the Carver, a novice MiBe of Trog (D:8)
  The ghost of Frank the Slasher, a novice OpFi (D:7)
  A centaur zombie (D:11)
  The ghost of Tribosh the Insei, a novice OpTm of Elyvilon (D:6)
  A gargoyle (D:11)
  A queen bee (D:11)
  A troll (D:11)
  2 hippogriffs
  Sigmund (D:5)
  A vampire (D:9)
  2 wyverns
  2 steam dragons (D:6)
  Menkaure (D:7)
  An acid dragon (D:11)
  A soldier ant (D:11)
  Duvessa (D:7)
  An ice beast (D:11)
  4 orc warriors
  A sky beast (D:9)
  A necrophage (D:7)
  A phantom (D:9)
  2 centaurs
  8 ogres
  A crocodile (D:9)
  5 big kobolds
  Blork the orc (D:5)
  6 bullfrogs
  A water moccasin skeleton (D:7)
  Dowan (D:7)
  17 killer bees
  3 scorpions
  8 wights
  A spectral bullfrog (D:7)
  4 crimson imps
  2 hounds
  2 jellies
  6 orc priests
  13 orc wizards
  4 quasits (D:6)
  A bullfrog zombie (D:5)
  A bullfrog skeleton (D:9)
  A centaur skeleton (D:6)
  2 iguanas
  Natasha (D:3)
  10 worker ants
  A centaur simulacrum (D:7)
  A bullfrog simulacrum (D:7)
  A hound zombie (D:7)
  A hound skeleton (D:11)
  A spectral worker ant (D:7)
  A howler monkey zombie (D:6)
  4 gnolls
  12 adders
  10 river rats (Sewer)
  A shadow imp (D:11)
  2 adder zombies (D:7)
  2 adder skeletons
  7 worms
  2 dart slugs
  3 leopard geckos
  49 orcs
  3 giant cockroaches
  9 goblins
  6 hobgoblins
  8 jackals (D:1)
  2 quokkas
  6 ball pythons
  10 bats
  3 frilled lizards (D:1)
  A jackal zombie (D:6)
  28 kobolds
  24 rats
328 creatures vanquished.

Notes
Turn   | Place    | Note
-------+----------+-------------------------------------------
     0 | D:1      | xveg the Halfling Hunter began the quest for the Orb.
     0 | D:1      | Reached XP level 1. HP: 14/14 MP: 1/1
    24 | D:1      | Reached XP level 2. HP: 19/19 MP: 2/2
   176 | D:1      | Reached XP level 3. HP: 24/24 MP: 3/3
   663 | D:2      | Found a faded altar of an unknown god.
   713 | D:2      | Reached XP level 4. HP: 29/29 MP: 4/4
   758 | D:2      | Found a white marble altar of Elyvilon.
  1631 | D:3      | Reached XP level 5. HP: 36/36 MP: 5/5
  2003 | D:3      | Reached skill level 1 in Armour
  2180 | D:3      | Noticed Natasha
  2188 | D:3      | Killed Natasha
  2188 | D:3      | Reached XP level 6. HP: 25/42 MP: 6/6
  2415 | D:4      | Found a glowing drain.
  2425 | Sewer    | Entered a sewer
  2551 | Sewer    | Reached XP level 7. HP: 17/46 MP: 7/7
  2861 | Sewer    | Reached skill level 10 in Slings
  3130 | Sewer    | Got a slimy trident
  3131 | Sewer    | Identified the +8 trident "Luc Furi" {drain, +Blink Str+4
                  | Dex+2} (You found it in a sewer)
  3291 | D:4      | Noticed a moth of wrath
  3293 | D:4      | Found a bloodstained altar of Trog.
  3392 | D:4      | Reached XP level 8. HP: 37/54 MP: 8/8
  3396 | D:4      | Found an opulent altar of Gozag.
  3399 | D:4      | Found a shadowy altar of Dithmenos.
  3430 | D:4      | Became a worshipper of Gozag Ym Sagoz the Greedy
  4155 | D:5      | Entered Level 5 of the Dungeon
  4169 | D:5      | Reached skill level 1 in Polearms
  4182 | D:5      | Found a staircase to the Ecumenical Temple.
  4217 | D:5      | Noticed Sigmund
  4229 | D:5      | Killed Sigmund
  4229 | D:5      | Reached skill level 2 in Polearms
  4401 | D:5      | Reached skill level 3 in Polearms
  4850 | D:5      | Reached XP level 9. HP: 59/59 MP: 9/9
  4943 | D:5      | Reached skill level 4 in Polearms
  5001 | D:5      | Noticed Blork the orc
  5005 | D:5      | Killed Blork the orc
  5377 | D:6      | Reached skill level 5 in Polearms
  5377 | D:6      | Reached skill level 5 in Armour
  5444 | D:6      | Found a sacrificial altar of Ru.
  5597 | D:6      | Reached skill level 5 in Fighting
  5619 | D:6      | Noticed Tribosh's ghost (novice OpTm)
  5686 | D:6      | Found a transporter.
  5717 | D:6      | Found a transporter.
  5888 | D:6      | Found a deep blue altar of Sif Muna.
  5893 | D:6      | Found an ancient bone altar of Kikubaaqudgha.
  6142 | D:6      | Killed Tribosh's ghost
  6142 | D:6      | Reached skill level 6 in Polearms
  6231 | D:7      | Found Latwed's Armour Boutique.
  6245 | D:7      | Found Yhu Lea's Assorted Antiques.
  6247 | D:7      | Bought a +0 pair of boots of flying for 115 gold pieces
  6247 | D:7      | Bought a +0 helmet for 45 gold pieces
  6293 | D:7      | Found Liothill's Armour Shoppe.
  6296 | D:7      | Reached XP level 10. HP: 66/66 MP: 10/10
  6312 | D:7      | Found a runed translucent gate.
  6313 | D:7      | Found a runed translucent gate.
  6313 | D:7      | Found a runed translucent gate.
  6344 | D:7      | Noticed Duvessa
  6344 | D:7      | Noticed Dowan
  6345 | D:7      | Killed Dowan
  6349 | D:7      | Killed Duvessa
  6456 | D:7      | Noticed Frank's ghost (novice OpFi)
  6474 | D:7      | Noticed Menkaure
  6482 | D:7      | Killed Menkaure
  6491 | D:7      | Reached skill level 7 in Polearms
  7131 | D:7      | Killed Frank's ghost
  7131 | D:7      | Reached skill level 8 in Polearms
  7395 | D:8      | Noticed a two-headed ogre
  7439 | D:7      | Killed a two-headed ogre
  7439 | D:7      | Reached skill level 9 in Polearms
  7472 | D:7      | Bought +2 swamp dragon scales for 806 gold pieces
  7617 | D:8      | Found a runed translucent door.
  7686 | D:8      | Noticed a two-headed ogre
  7692 | D:8      | Killed a two-headed ogre
  7692 | D:8      | Reached skill level 5 in Dodging
  7692 | D:8      | Reached XP level 11. HP: 57/72 MP: 11/11
  7760 | D:8      | Noticed xveg's ghost (novice MiBe)
  7885 | D:8      | Killed xveg's ghost
  7885 | D:8      | Reached skill level 10 in Polearms
  8104 | D:8      | Found an iron altar of Okawaru.
  8125 | D:8      | Found the +8 storm bow {elec}
  8216 | D:8      | Learned a level 1 spell: Infusion
  8220 | D:8      | Learned a level 3 spell: Regeneration
  8292 | D:8      | Found a stormy altar of Qazlal.
  8645 | D:9      | Found Ripegrao's Magic Scroll Emporium.
  8750 | D:9      | Noticed Erolcha
  8755 | D:9      | Noticed a death yak
  8756 | D:9      | Noticed a death yak
  8764 | D:9      | You are sucked into a shaft for 2 floors!
  9056 | D:11     | Found Jyot's Armour Emporium.
  9419 | D:11     | Reached skill level 11 in Polearms
  9446 | D:11     | Reached XP level 12. HP: 32/81 MP: 12/12
  9466 | D:11     | HP: 3/81 [orc priest/divine providence (12)]
  9468 | D:11     | Killed from afar by an orc priest

Skill      XL: |  1  2  3  4  5  6  7  8  9 10 11 |
---------------+----------------------------------+-----
Slings         | 6 7 8 9 10 | 10.8
Fighting       | 2 3 4 5 7 |  7.0
Armour         | 1 2 4 6 7 8 |  8.3
Polearms       | 3 6 9 11 | 11.1
Dodging        | 3 5 |  5.6
Short Blades   | |  0.9
Throwing       | |  0.9
Stealth        | |  1.4

Action                   |  1- 3 |  4- 6 |  7- 9 | 10-12 || total
-------------------------+-------+-------+-------+-------++-------
Melee: Short sword       |       |    21 |       |       ||    21
       Trident           |       |       |   169 |   320 ||   489
 Fire: Hunting sling     |    74 |   183 |   201 |   215 ||   673
Throw: Stone             |       |       |     9 |     7 ||    16
  Use: Scroll            |     3 |     3 |     6 |     3 ||    15
       Potion            |     3 |       |    10 |     5 ||    18
 Stab: Distracted        |       |       |     2 |     1 ||     3
       Sleeping          |       |       |     1 |       ||     1
  Eat: Chunk             |       |     4 |       |       ||     4
       Ration            |       |     2 |     3 |     1 ||     6
Armor: Leather armour    |     1 |       |       |       ||     1
       Ring mail         |       |    19 |   123 |    45 ||   187
       Swamp dragon scal |       |       |       |    90 ||    90
Dodge: Dodged            |     9 |    55 |   223 |   345 ||   632
